 Dungeon Crawl Stone Soup version 0.28-a0-1524-ge72afd5fc6 (webtiles) character file.

Game seed: 3589691593482685687

9 knot the Chopper (level 2, 26/36 HPs)
             Began as a Demonspawn Berserker on Jan 18, 2022.
             Was a Follower of Trog.
             Quit the game on level 1 of the Dungeon.
             The game lasted 00:00:17 (98 turns).

knot the Chopper (Demonspawn Berserker)               Turns: 98, Time: 00:00:18

Health: 26/36      AC:  4    Str: 17    XL:     2   Next: 6%
Magic:  2/2        EV: 12    Int:  8    God:    Trog [*.....]
Gold:   6          SH:  4    Dex: 12    Spells: 1/1 levels left

rFire   + . .      SeeInvis .   a - +0 hand axe
rCold   . . .      Faith    .   (no shield)
rNeg    . . .      Spirit   .   b - +0 animal skin
rPois   .          Reflect  .   d - +2 hat
rElec   .          Harm     .   (no cloak)
rCorr   .          Rampage  .   (no gloves)
Will    .....                   (no boots)
Stlth   ..........              (no amulet)
HPRegen 0.12/turn               c - ring of protection from fire
MPRegen 0.08/turn               (no ring)

@: berserking, very quick
A: large bone plates 1
a: Renounce Religion, Berserk


You were on level 1 of the Dungeon.
You worshipped Trog.
Trog was aware of your devotion.
You visited 1 branch of the dungeon, and saw 1 of its levels.

You collected 6 gold pieces.

Inventory:

Hand Weapons
 a - a +0 hand axe (weapon)
Missiles
 e - 4 poisoned darts (quivered)
Armour
 b - a +0 animal skin (worn)
 d - a +2 hat (worn)
Jewellery
 c - a ring of protection from fire (left hand)


   Skills:
 - Level 3.0 Fighting
 + Level 3.3 Axes
 - Level 1.7 Armour
 - Level 1.7 Dodging


You had one spell level left.
You didn't know any spells.
Your spell library was empty.

Dungeon Overview and Level Annotations

Branches:
Dungeon (1/15)

Altars:


Innate Abilities, Weirdness & Mutations

You are partially covered in large bone plates. (SH +4)


Message History

You barely miss the giant cockroach.
The giant cockroach is almost dead.
The giant cockroach misses you.
You barely miss the giant cockroach.
The giant cockroach is almost dead.
The giant cockroach barely misses you.
The ball python bites you but does no damage.
The ball python closely misses you.
The giant cockroach bites you but does no damage.
You closely miss the giant cockroach.
The giant cockroach is almost dead.
You hit the dart slug. You closely miss the ball python.
The ball python bites you but does no damage.
The ball python barely misses you.
The giant cockroach bites you but does no damage.
The dart slug launches a dart at you. The slug dart hits you.
A red film seems to cover your vision as you go berserk!
You feel yourself moving faster!
You feel mighty! The ball python barely misses you. x2
The giant cockroach bites you but does no damage.
The dart slug completely misses you. The ball python bites you.
The ball python grabs you. The ball python constricts you.
You slash the ball python!
You kill the ball python!
Trog accepts your kill.
You hit the giant cockroach.
You kill the giant cockroach!
Trog accepts your kill.
You hit the dart slug. You slash the dart slug!
You kill the dart slug!
Trog accepts your kill.
You have reached level 2!
Your demonic ancestry asserts itself...
Large bone plates grow over parts of your arms.
You hit the endoplasm.
The endoplasm is almost dead.
The endoplasm hits you but does no damage.
Are you sure you want to abandon this character and quit the game? (Confirm with "yes".)

......# . #.##.#
#.#...#.#####.##.#
#.#...#...)....#.#
#..#.#...#####.#.###.##
##..#....# #.........
##.....## ##.####.##
##...## #..# ####
###.###.# #..@[...#
#.)J....# #.......#
#.......# #.......#
#.......# #.......#
#.......#


You could see an endoplasm.

Vanquished Creatures
  2 dart slugs (D:1)
  A giant cockroach (D:1)
  A ball python (D:1)
  A kobold (D:1)
  2 rats (D:1)
7 creatures vanquished.

Notes
Turn   | Place    | Note
-------+----------+-------------------------------------------
     0 | D:1      | knot the Demonspawn Berserker began the quest for the Orb.
     0 | D:1      | Reached XP level 1. HP: 18/18 MP: 1/1
    97 | D:1      | Gained mutation: You are partially covered in large bone
                  | plates. (SH +4) [demonic ancestry]
    97 | D:1      | Reached XP level 2. HP: 24/24 MP: 2/2
    98 | D:1      | Quit the game

Illustrated notes

Levels and vault maps discovered:
D:1:      ebering_trefoil_3fold, layout_basic

Skill      XL: |  1 |
---------------+----+-----
Axes           | 3 |  3.3
Fighting       | |  3.0
Armour         | |  1.7
Dodging        | |  1.7

Action                   || total
-------------------------++-------
Melee: Hand axe          ||    14
       Punch             ||     1
Invok: Berserk           ||     1
Armor: Animal skin       ||     9
Dodge: Dodged            ||    11

Table legend: (Time is in decaauts)
 A = Elapsed time spent in this place.
 B = Non-inter-level travel time spent in this place.
 C = Inter-level travel time spent in this place.
 D = Time resting spent in this place.
 E = Time spent auto-exploring this place.
 F = Levels seen in this place.
 G = Mean time per level.
                   A        B        C        D        E       F      G
               +--------+--------+--------+--------+--------+-----+--------+
         Total |     98 |     98 |      0 |      0 |     63 |   1 |   98.0 |
       Dungeon |     98 |     98 |      0 |      0 |     63 |   1 |   98.0 |
               +--------+--------+--------+--------+--------+-----+--------+

Top non-repeatable levels by time:
     D:1: 98 daAuts
